 Dungeon Crawl Stone Soup version 0.23.1-37-gaa34b87 (webtiles) character file.

Game seed: 14704744400228287810

536 Borgoz the Skirmisher (level 7, -7/60 HPs)
             Began as a Ghoul Monk on Mar 22, 2019.
             Mangled by an ogre
             ... wielding a +0 giant club
              (24 damage)
             ... on level 4 of the Dungeon.
             The game lasted 00:06:36 (3851 turns).

Borgoz the Skirmisher (Ghoul Monk)                  Turns: 3851, Time: 00:06:36

Health: -7/60      AC:  8    Str: 15    XL:     7   Next: 25%
Magic:  7/7        EV: 12    Int:  7    God:
Gold:   222        SH:  4    Dex: 11    Spells: 6/6 levels left

rFire    . . .     SeeInvis .     - Unarmed
rCold    + . .     Gourm    .   (no shield)
rNeg     + + +     Faith    .   g - +0 ring mail
rPois    ∞         Spirit   .   (no helmet)
rElec    .         Reflect  +   l - +0 cloak {+Inv}
rCorr    .         Harm     .   v - +0 pair of gloves
MR       .....                  (no boots)
Stlth    +.........             p - +4 amulet of reflection
HPRegen  0.00/turn              (no ring)
MPRegen  0.10/turn              (no ring)

@: rotting
A: rotting body, claws 1, carnivore, cold resistance 1, negative energy
resistance 3, inhibited regeneration, torment resistance, unbreathing
a: Evoke Invisibility


You were on level 4 of the Dungeon.
You were not hungry.

You visited 1 branch of the dungeon, and saw 4 of its levels.
You also visited: Sewer.

You collected 222 gold pieces.

Inventory:

Hand Weapons
 f - a +0 dagger
 k - a +3 quarterstaff of chaos
Armour
 g - a +0 ring mail (worn)
 l - a +0 cloak of invisibility (worn)
 v - a +0 pair of gloves (worn)
Jewellery
 n - a +3 ring of strength {unknown}
 p - a +4 amulet of reflection (around neck)
Wands
 t - a wand of disintegration (6)
Scrolls
 e - a scroll of enchant armour {unknown}
 i - a scroll of fog {unknown}
 j - a scroll of immolation {unknown}
 m - a scroll of fear {unknown}
 o - a scroll of remove curse {unknown}
 r - 3 scrolls of teleportation {unknown}
 s - a scroll of noise {unknown}
Potions
 a - 3 potions of brilliance
 c - a potion of lignification {unknown}
 d - a potion of berserk rage {unknown}
 h - a potion of degeneration {unknown}
 u - 3 potions of curing
Comestibles
 b - 8 rations


   Skills:
 + Level 4.7 Fighting
 * Level 2.8 Short Blades
 * Level 3.9 Armour
 + Level 3.9 Dodging
 - Level 2.1 Stealth
 - Level 3.2 Unarmed Combat
 + Level 1.4 Evocations


You had 6 spell levels left.
You didn't know any spells.
Your spell library was empty.

Dungeon Overview and Level Annotations

Branches:
Dungeon (4/15)
 Temple: D:4-7

Altars:
Qazlal


Innate Abilities, Weirdness & Mutations

Your body is rotting away.
You thrive on raw meat.
You are immune to poison.
You have sharp fingernails.
You are carnivorous and can eat meat at any time.
Your flesh is cold resistant. (rC+)
You are immune to negative energy. (rN+++)
You do not regenerate when monsters are visible.
You are immune to unholy pain and torment.
You can survive without breathing.


Message History

You hit the ogre.
The ogre is severely wounded.
The ogre closely misses you.
You hit the ogre.
The ogre is almost dead.
The ogre hits you with a +0 giant club!
You hit the ogre.
The ogre is almost dead.
Eat one of 2 chunks of flesh? (ye/n/q)
You eat one of the 2 chunks of flesh.
This raw flesh tastes great!
The ogre hits you with a +0 giant club!!
* * * LOW HITPOINT WARNING * * *
Eat a chunk of flesh? (ye/n/q)
You eat the chunk of flesh.
This raw flesh tastes great!
The ogre closely misses you.
Okay, then.
You hit the ogre.
The ogre is almost dead.
The ogre hits you with a +0 giant club!!
You die...

#.# #.......# #.#
#.# ###########.#
#.# #.#.......#
#.# #<#.#######
#.# #.#.# #.#
#.#.# #.# #.#.# #
#.# #.#.#.###.#
#.# #.#@.......
#.# #.#O.......
#.######.#........
#........#........
#......#.#.#'#####
#.####...#.#.# #.#
#...#.#.. #.#
#...#.#### #.#
#...#


You could see an ogre.

Vanquished Creatures
  An ogre (D:4)
  A crocodile (Sewer)
  Crazy Yiuf (D:2)
  An orc priest (D:4)
  Natasha (thrice) (D:2)
  An orc wizard (D:4)
  A worker ant (D:4)
  7 adders
  A river rat (D:4)
  A shadow imp (D:3)
  3 oozes (D:1)
  4 worms
  A dart slug (D:3)
  3 leopard geckos
  4 orcs
  3 ball pythons
  3 giant cockroaches
  7 goblins
  10 hobgoblins
  2 jackals (D:3)
  10 kobolds
  A quokka (D:3)
  10 bats
  5 frilled lizards
  15 rats
99 creatures vanquished.

Notes
Turn   | Place    | Note
-------+----------+-------------------------------------------
     0 | D:1      | Borgoz the Ghoul Monk began the quest for the Orb.
     0 | D:1      | Reached XP level 1. HP: 19/19 MP: 0/0
   252 | D:1      | Reached skill level 1 in Armour
   252 | D:1      | Reached XP level 2. HP: 24/25 MP: 1/1
   397 | D:1      | Reached XP level 3. HP: 26/31 MP: 2/2
  1128 | D:2      | Reached XP level 4. HP: 35/40 MP: 3/3
  1168 | D:2      | Noticed Natasha
  1187 | D:2      | Killed Natasha
  1187 | D:2      | Reached skill level 4 in Fighting
  1380 | D:2      | Reached XP level 5. HP: 42/45 MP: 4/4
  1519 | D:2      | Noticed Natasha
  1531 | D:2      | Killed Natasha
  1531 | D:2      | Reached skill level 1 in Short Blades
  1551 | D:2      | Noticed Natasha
  1594 | D:2      | Found a stormy altar of Qazlal.
  1783 | D:2      | Found a runed translucent door.
  1784 | D:2      | Noticed Crazy Yiuf
  1996 | D:2      | Killed Crazy Yiuf
  2695 | D:3      | Reached XP level 6. HP: 52/52 MP: 5/5
  3087 | D:4      | Found a glowing drain.
  3116 | Sewer    | Entered a sewer
  3302 | Sewer    | Reached skill level 1 in Evocations
  3302 | Sewer    | Reached XP level 7. HP: 39/60 MP: 6/6
  3418 | D:4      | HP: 2/59 [orc priest/divine providence (15)]
  3730 | D:2      | Killed Natasha
  3851 | D:4      | Mangled by an ogre

Skill      XL: |  1  2  3  4  5  6 |
---------------+-------------------+-----
Armour         | 1 2 3 |  3.9
Dodging        | 3 |  3.9
Fighting       | 4 |  4.7
Short Blades   | 1 2 |  2.8
Evocations     | 1 |  1.4
Stealth        | |  2.1
Unarmed Combat | |  3.2

Action                   |  1- 3 |  4- 6 |  7- 9 || total
-------------------------+-------+-------+-------++-------
Melee: Unarmed           |   120 |   309 |    60 ||   489
       Punch             |     1 |     1 |       ||     2
  Use: Potion            |       |     5 |       ||     5
       Scroll            |       |     3 |       ||     3
 Stab: Sleeping          |     4 |     1 |       ||     5
       Invisible         |       |     3 |       ||     3
  Eat: Chunk             |    14 |    20 |    10 ||    44
Armor: Robe              |    11 |     2 |       ||    13
       Ring mail         |       |    86 |    10 ||    96
Dodge: Dodged            |    66 |   229 |    25 ||   320
Block: Other             |       |    38 |     4 ||    42
